 Dungeon Crawl Stone Soup version 0.29.1-1-gd02db6906a (webtiles) character file.

Game seed: 18434642390895333387

13297 MisterFreud the Cruncher (level 12, -7/97 HPs)
             Began as a Formicid Gladiator on Oct 20, 2022.
             Was an Initiate of Yredelemnul.
             Mangled by a phantasmal warrior (22 damage)
             ... led by a death knight
             ... on level 1 of the Lair of Beasts.
             The game lasted 00:13:36 (12573 turns).

MisterFreud the Cruncher (Formicid Gladiator)      Turns: 12573, Time: 00:13:36

Health: -7/97      AC: 14    Str: 22    XL:     12   Next: 30%
Magic:  16/18      EV: 16    Int:  8    God:    Yredelemnul [......]
Gold:   449        SH:  0    Dex: 17    Spells: 11/11 levels left

rFire   . . .      SeeInvis +   u - +2 quarterstaff (spect)
rCold   . . .      Faith    .   (no shield)
rNeg    . . .      Spirit   .   v - +3 leather armour
rPois   .          Reflect  .   (helmet unavailable)
rElec   .          Harm     .   e - +1 cloak
rCorr   .          Rampage  .   U - +2 pair of gloves {hurl}
Will    +....                   h - +0 pair of boots
Stlth   +.........              (no amulet)
HPRegen 0.26/turn               t - +4 ring of evasion
MPRegen 0.16/turn               (no ring)

@: no status effects
A: permanent stasis, dig shafts and tunnels, antennae 3, four strong arms
a: Dig, Shaft Self, Renounce Religion, Recall Undead Harvest


You were on level 1 of the Lair of Beasts.
You worshipped Yredelemnul.
Yredelemnul was aware of your devotion.
You visited 3 branches of the dungeon, and saw 14 of its levels.

You collected 537 gold pieces.
You spent 88 gold pieces at shops.

Inventory:

Hand Weapons
 a - a +0 quarterstaff
 u - a +2 spectral quarterstaff (weapon)
 T - the +9 great mace "Suidyocw" {antimagic, rElec rN+ Str+5}
   (You found it on level 9 of the Dungeon)

   It reduces the magical energy of the wielder, and disrupts the spells and
   magical abilities of those it strikes.
   Natural abilities and divine invocations are not affected.
   Str:       It affects your strength (+5).
   rElec:     It insulates you from electricity.
   rN:        It protects you from negative energy.
Missiles
 c - 3 throwing nets
 d - a javelin
 f - 5 datura-tipped darts
 m - 19 poisoned darts
 n - 3 curare-tipped darts
 M - a silver boomerang
 N - a boomerang (quivered)
Armour
 e - a +1 cloak (worn)
 h - a +0 pair of boots (worn)
 v - a +3 leather armour (worn)
 U - a +2 pair of gloves of hurling (worn)
Jewellery
 b - a +6 ring of strength
 i - a ring of fire
 t - a +4 ring of evasion (left hand)
 F - a ring of magical power
Wands
 p - a wand of iceblast (21)
 r - a wand of flame (36)
 J - a wand of mindburst (11)
 L - a wand of quicksilver (7)
 O - a wand of paralysis (13)
Scrolls
 g - 4 scrolls of magic mapping
 y - 2 scrolls of fog
 C - 2 scrolls of fear
 D - 2 scrolls of amnesia
 G - a scroll of summoning
 Q - a scroll of enchant armour
Potions
 j - 2 potions of attraction
 k - a potion of flight
 l - 2 potions of heal wounds
 o - 2 potions of degeneration {unknown}
 q - 3 potions of lignification
 s - 2 potions of ambrosia
 w - a potion of invisibility {unknown}
 x - 4 potions of curing
 z - 2 potions of brilliance
 A - a potion of might
 B - 2 potions of cancellation {unknown}
 E - 4 potions of haste
 H - a potion of berserk rage {unknown}
 K - 5 potions of mutation
 P - 2 potions of magic {unknown}
Miscellaneous
 S - a tin of tremorstones (2/2)


   Skills:
 - Level 10.0 Fighting
 - Level 10.0 Staves
 + Level 6.4 Throwing
 - Level 10.0 Armour
 - Level 2.6 Dodging
 + Level 8.4 Invocations
 + Level 5.6 Evocations


You had 11 spell levels left.
You didn't know any spells.
Your spell library contained the following spells:

 Spells                   Type           Power      Damage    Failure   Level
 Beastly Appendage        Tmut           0%         N/A       43%         1
 Foxfire                  Conj/Fire      0%         2x1d4     43%         1
 Freeze                   Ice            0%         1d3       43%         1
 Ensorcelled Hibernation  Hex/Ice        0%         N/A       58%         2
 Passwall                 Tmut/Erth      0%         N/A       58%         2
 Wereblood                Tmut           0%         N/A       58%         2
 Conjure Flame            Conj/Fire      0%         6-21      82%         3
 Frozen Ramparts          Ice            0%         1d1       82%         3
 Gell's Gravitas          Tloc           0%         N/A       82%         3
 Inner Flame              Hex/Fire       0%         N/A       82%         3
 Lesser Beckoning         Tloc           0%         N/A       82%         3
 Ozocubu's Armour         Ice            0%         N/A       82%         3
 Spider Form              Tmut/Pois      0%         N/A       82%         3
 Stone Arrow              Conj/Erth      0%         3d7       82%         3
 Teleport Other           Tloc           0%         N/A       82%         3
 Animate Armour           Summ/Erth      0%         N/A       99%         4
 Flame Wave               Conj/Fire      0%         2d4       99%         4
 Fulminant Prism          Conj/Hex       0%         3d6       99%         4
 Hailstorm                Conj/Ice       0%         3d3       99%         4
 Iskenderun's Mystic Bla  Conj/Tloc      0%         2d3       99%         4
 Petrify                  Tmut/Erth      0%         N/A       99%         4
 Lee's Rapid Deconstruct  Erth           0%         3d5*      100%        5
 Manifold Assault         Tloc           0%         N/A       100%        5
 Metabolic Englaciation   Hex/Ice        0%         N/A       100%        5
 Ozocubu's Refrigeration  Ice            0%         4d7       100%        7
 Lehudib's Crystal Spear  Conj/Erth      0%         10d2      100%        8
 Blink                    Tloc           Unusable   N/A       N/A         2
 Swiftness                Air            Unusable   N/A       N/A         3

Dungeon Overview and Level Annotations

Branches:
Dungeon (12/15)            Temple (1/1) D:7            Lair (1/5) D:11
    Orc (0/2) D:10

Altars:
Ashenzari
Cheibriados
Dithmenos
Elyvilon
Fedhas
Gozag
Hepliaklqana
Kikubaaqudgha
Makhleb
Nemelex Xobeh
Okawaru
Qazlal
Ru
Sif Muna
Trog
Uskayaw
Vehumet
Wu Jian
Xom
Yredelemnul
Zin
The Shining One

Shops:
D:3 ?   D:4 (   D:6 *   D:8 :

Annotations:
D:1 2 runed translucent doors


Innate Abilities, Weirdness & Mutations

You cannot be hasted, slowed, berserked, paralysed or teleported.
You can dig through walls and to a lower floor.
You have a pair of large antennae on your head. (SInv)
Your four strong arms can wield two-handed weapons with a shield.


Message History

You can no longer trade souls for undead servants.
Your troll zombie bites the death knight!
Your troll zombie suffers a backlash!
Your troll zombie claws the death knight.
Your troll zombie suffers a backlash!
Your troll zombie barely misses the death knight.
The death knight barely misses your troll zombie.
The death knight barely misses your orc wizard zombie.
Your orc wizard zombie hits the death knight but does no damage.
The phantasmal warrior hits you!
* * * LOW HITPOINT WARNING * * *
The death knight hits your skeletal warrior with a +4 battleaxe!!
The death knight hits your orc wizard zombie with a +4 battleaxe!!
Your orc wizard zombie is destroyed!
Unknown command.
The death knight's dark mirror aura disappears.
The death knight barely misses your skeletal warrior.
The death knight hits your orc wizard zombie with a +4 battleaxe!
There is a staircase to the Lair here.
Your skeletal warrior closely misses the death knight.
Your orc wizard zombie closely misses the death knight.
The freezing wraith hits your skeletal warrior but does no damage.
The freezing wraith hits your skeletal warrior!
The death knight hits your orc wizard zombie with a +4 battleaxe!!!
Your orc wizard zombie is destroyed!
The death knight hits your skeletal warrior with a +4 battleaxe.
The phantasmal warrior completely misses you.
You climb downwards.
Welcome to the Lair of Beasts!
There is a staircase back to the Dungeon here.
Unknown command.
You closely miss the phantasmal warrior.
The phantasmal warrior is lightly damaged.
Your +2 spectral quarterstaff hits the phantasmal warrior.
The komodo dragon hisses angrily.
You sock the phantasmal warrior!
The phantasmal warrior is heavily damaged.
Your +2 spectral quarterstaff closely misses the phantasmal warrior.
The phantasmal warrior hits you!!
You die...
Your body rises from the dead as a mindless zombie.

... #.#
###.###
##.....##
##..PPl..##
#.....P...#
#...PPP...#
#...(@P...#
#..PPWP...#
#..P......#
##...S...##
##.....##
#######


You could see a phantasmal warrior, a komodo dragon, a black mamba and a
friendly +2 spectral quarterstaff (summoned).

Vanquished Creatures
  2 two-headed ogres (D:9)
  A tengu warrior (D:9)
  Pikel (D:6)
  A deep elf pyromancer (D:9)
  An ugly thing (D:12)
  An orc knight (D:9)
  A gargoyle (D:7)
  A komodo dragon (D:10)
  3 trolls
  A hornet (D:7)
  5 wyverns
  Sigmund (D:4)
  2 wraiths
  2 shadows (D:10)
  Eustachio (D:4)
  5 yaks (D:7)
  2 steam dragons
  6 vampire mosquitoes
  2 wargs (D:11)
  An acid dragon (D:9)
  4 water moccasins
  3 ice beasts
  2 orc warriors (D:9)
  A sky beast (D:6)
  2 ogres
  6 centaurs
  A lemure (D:6)
  A phantom (D:7)
  4 kobold brigands
  A bullfrog (D:8)
  Blork the orc (D:4)
  A necrophage (D:7)
  4 scorpions
  13 wights
  8 killer bees (D:9)
  7 howler monkeys
  2 hounds (D:6)
  4 orc priests
  A gnoll bouda (D:4)
  3 jellies
  2 iguanas
  8 orc wizards
  4 gnolls (D:4)
  8 adders
  A white imp (D:8)
  An ufetubus (D:5)
  A worm (D:2)
  2 dart slugs
  27 orcs
  6 ball pythons
  5 bats
  8 endoplasms
  7 giant cockroaches
  8 goblins
  7 hobgoblins
  5 jackals
  11 kobolds
  5 quokkas
  14 frilled lizards
  5 rats
244 creatures vanquished.

Vanquished Creatures (collateral kills)
  A wyvern (D:8)
  A vampire mosquito (D:12)
  A warg (D:11)
  An orc priest (D:11)
  An orc wizard (D:11)
  5 orcs
10 creatures vanquished.

Vanquished Creatures (others)
  4 vampire mosquito zombies
  A centaur zombie (D:9)
  A killer bee zombie (D:9)
  2 kobold zombies (D:9)
  10 orc zombies
  A spectral white imp (D:8)
  11 plants
30 creatures vanquished.

Grand Total: 284 creatures vanquished

Notes
Turn   | Place    | Note
-------+----------+-------------------------------------------
     0 | D:1      | MisterFreud the Formicid Gladiator began the quest for the
                  | Orb.
     0 | D:1      | Reached XP level 1. HP: 16/16 MP: 1/1
    61 | D:1      | Found a large runed translucent door.
    61 | D:1      | Found a large runed translucent door.
   112 | D:1      | Reached XP level 2. HP: 14/22 MP: 2/2
   683 | D:1      | Reached XP level 3. HP: 27/27 MP: 3/3
  2161 | D:2      | Reached XP level 4. HP: 10/33 MP: 4/4
  2670 | D:3      | Noticed a scorpion
  2677 | D:3      | Killed a scorpion
  2678 | D:3      | Reached skill level 5 in Staves
  2678 | D:3      | Reached XP level 5. HP: 38/38 MP: 5/5
  2698 | D:3      | Identified a scroll of acquirement
  2698 | D:3      | Acquired a +2 spectral quarterstaff
  3194 | D:3      | Found Nyem's Magic Scroll Boutique.
  3202 | D:3      | Bought a scroll of fog for 44 gold pieces
  3202 | D:3      | Bought a scroll of fear for 44 gold pieces
  3726 | D:4      | Noticed Eustachio
  3738 | D:4      | Killed Eustachio
  3739 | D:4      | Reached XP level 6. HP: 30/47 MP: 6/6
  3963 | D:4      | Noticed Blork the orc
  3968 | D:4      | Killed Blork the orc
  3969 | D:4      | Reached XP level 7. HP: 32/54 MP: 7/7
  4091 | D:4      | Found a burning altar of Makhleb.
  4197 | D:4      | Found Deujuod's Antique Weapon Boutique.
  4858 | D:4      | Noticed Sigmund
  4871 | D:4      | Killed Sigmund
  4872 | D:4      | Reached skill level 5 in Fighting
  4872 | D:4      | Reached skill level 5 in Armour
  4872 | D:4      | Reached skill level 1 in Evocations
  4872 | D:4      | Reached XP level 8. HP: 59/62 MP: 8/8
  5057 | D:5      | Entered Level 5 of the Dungeon
  5312 | D:5      | Found a shimmering blue altar of Sif Muna.
  5325 | D:5      | Found a sacrificial altar of Ru.
  5458 | D:5      | Found a glowing golden altar of the Shining One.
  5704 | D:6      | Noticed Pikel
  5711 | D:6      | Killed Pikel
  5712 | D:6      | Reached skill level 5 in Evocations
  5712 | D:6      | Reached XP level 9. HP: 65/68 MP: 9/9
  5945 | D:6      | Found an ancient bone altar of Kikubaaqudgha.
  6231 | D:6      | Found Ryacsis's Wicked Wares.
  6569 | D:6      | Reached skill level 10 in Staves
  6645 | D:6      | Got Ijiurphat's Guide on Gritty Frostbite
  6751 | D:7      | Reached XP level 10. HP: 45/76 MP: 10/10
  7153 | D:7      | Found a staircase to the Ecumenical Temple.
  7175 | Temple   | Entered the Ecumenical Temple
  7405 | Temple   | Became a worshipper of Yredelemnul the Dark
  7581 | D:7      | Reached * piety under Yredelemnul
  7657 | D:7      | Noticed a gargoyle
  7663 | D:7      | Killed a gargoyle
  7878 | D:7      | Identified the +3 great mace "Aratic" {speed, Dex+2}
  7985 | D:8      | Reached skill level 1 in Invocations
  8188 | D:8      | Found Otzixtiu's Book Shoppe.
  8270 | D:8      | Reached ** piety under Yredelemnul
  8548 | D:9      | Reached XP level 11. HP: 47/87 MP: 11/13
  8569 | D:9      | Noticed a two-headed ogre
  8990 | D:9      | Noticed a two-headed ogre
  8993 | D:9      | Killed a two-headed ogre
  9172 | D:9      | Reached skill level 5 in Invocations
  9395 | D:9      | You fall into a shaft and drop 3 floors!
  9406 | D:12     | Noticed a brown ugly thing
  9420 | D:12     | Killed a brown ugly thing
  9550 | D:12     | Noticed a skeletal warrior
  9679 | D:10     | Entered Level 10 of the Dungeon
  9679 | D:10     | Found a sparkling altar of Nemelex Xobeh.
  9857 | D:9      | Noticed a tengu warrior
  9867 | D:9      | Killed a tengu warrior
  9868 | D:9      | Reached skill level 10 in Fighting
  9868 | D:9      | Reached skill level 10 in Armour
 10077 | D:9      | Noticed a deep elf pyromancer
 10106 | D:9      | Killed a deep elf pyromancer
 10332 | D:9      | Identified the +9 great mace "Suidyocw" {antimagic, rElec
                  | rN+ Str+5}
 10431 | D:9      | Noticed an orc knight
 10449 | D:9      | Killed an orc knight
 10679 | D:9      | Killed a two-headed ogre
 11264 | D:10     | Reached XP level 12. HP: 97/97 MP: 18/18
 11502 | D:10     | Found a shimmering altar of Xom.
 11503 | D:10     | Found a shimmering altar of Xom.
 11504 | D:10     | Found a shimmering altar of Xom.
 11504 | D:10     | Found a staircase to the Orcish Mines.
 11564 | D:10     | Reached skill level 5 in Throwing
 12231 | D:11     | Reached *** piety under Yredelemnul
 12238 | D:11     | Found a staircase to the Lair.
 12241 | D:11     | Reached **** piety under Yredelemnul
 12541 | D:11     | Noticed a death knight
 12571 | Lair:1   | Entered Level 1 of the Lair of Beasts
 12573 | Lair:1   | Mangled by a phantasmal warrior

Illustrated notes

Levels and vault maps discovered:
D:1:      erik_arrival_cave_to_civilisation [erik_arrival_cave_to_temple],
          layout_basic, serial_corexii_hall, corexii_hall_statues_u,
          corexii_hall_statues_s
D:2:      layout_rooms, minmay_randomly_rotated_circles
D:3:      layout_basic, serial_shops, nicolae_shop_trees
D:4:      layout_loops_corners, bloody_makhleb, serial_shops, shop,
          minmay_lizard_king, uniq_sigmund, uniq_blork_the_orc, uniq_eustachio
D:5:      layout_basic, nicolae_ru_great_annihilating_truth,
          mainiacjoe_overflow_large_starburst, kennysheep_decorative_pillar,
          minmay_misc_feat_alley
D:6:      layout_basic, kennysheep_mini_moat, moated_statue, nicolae_evil_shop,
          uniq_pikel
D:7:      layout_loops_cross, temple_statues, st_stairs_2, minmay_microvault
D:8:      layout_cave_pools, serial_shops, nicolae_shop_crystal, feat_on_display
D:9:      minmay_the_grid_4x2 [minmay_the_grid_armoury,
          minmay_the_grid_all_tris, minmay_the_grid_zigzag_pyramid,
          minmay_the_grid_broken_lines, minmay_the_grid_aliased_spiral,
          minmay_the_grid_outer_diamond, minmay_the_grid_rooms,
          minmay_the_grid_prize_shrinking_boxes], layout_basic,
          hangedman_abyss_or_decor_clamps,
          hangedman_abyss_or_decor_jellyfish_corner, lightli_orcish_oven
D:10:     layout_roguey, nemelex_xobeh_ov_fountains_minmay, xom_redecorated,
          orc_0_dummy, hangedman_decor_riveting
D:11:     layout_roguey, erik_lair_orcish_takeover, nicolae_underground_beach
D:12:     layout_rooms, serial_bayou, serial_bayou_shore_a,
          serial_bayou_shore_b, serial_bayou_pond_b, serial_bayou_pond_a
Temple:   regret_index_temple_generic_petals
Lair:1:   layout_chaotic_city, cheibrodos_lair_reptile_den, grunt_megastairs_1,
          lemuel_fruit_fields

Skill      XL: |  1  2  3  4  5  6  7  8  9 10 11 12 |
---------------+-------------------------------------+-----
Staves         | 4 5 6 8 10 | 10.0
Fighting       | 3 4 5 6 8 10 | 10.0
Armour         | 2 3 5 6 8 10 | 10.0
Evocations     | 1 5 |  5.6
Invocations    | 3 8 |  8.4
Throwing       | 4 6 |  6.4
Dodging        | |  2.6

Action                   |  1- 3 |  4- 6 |  7- 9 | 10-12 || total
-------------------------+-------+-------+-------+-------++-------
Melee: Quarterstaff      |   106 |    49 |   171 |   349 ||   675
       Punch             |       |       |     2 |     7 ||     9
Throw: Boomerang         |       |       |       |    22 ||    22
Invok: Dark Bargain      |       |       |       |     1 ||     1
  Use: Scroll            |     4 |    10 |     4 |     6 ||    24
       Potion            |       |       |       |     1 ||     1
 Stab: Sleeping          |     2 |     1 |     1 |       ||     4
       Distracted        |       |       |     2 |     4 ||     6
Armor: Leather armour    |    23 |    11 |    28 |   113 ||   175
Dodge: Dodged            |    79 |    28 |    99 |   251 ||   457
